 Dungeon Crawl Stone Soup version 0.32-a0-468-g38b2580584 (webtiles) character file.

Game seed: 4315253713437822859

49 Aldia the Chopper (level 3, -1/25 (30) HPs)
             Began as a Mountain Dwarf Reaver on Feb 24, 2024.
             Slain by a scorpion (5 damage)
             ... on level 3 of the Dungeon.
             The game lasted 00:04:00 (1360 turns).

Aldia the Chopper (Mountain Dwarf Reaver)           Turns: 1360, Time: 00:04:01

HP:   -1/25 (30)    AC:  6    Str: 16    XL:     3   Next: 51%
MP:   5/6           EV: 10    Int: 13    God:
Gold: 144           SH:  0    Dex:  8    Spells: 5/6 levels left

rFire   . . .        a - +0 hand axe
rCold   . . .        (no shield)
rNeg    . . .        d - +0 ring mail
rPois   .            (no helmet)
rElec   .            (no cloak)
rCorr   .            (no gloves)
SInv    .            i - +0 pair of boots
Will    .....        (no amulet) Stlth
                     (no ring)
HPRegen 0.24/turn    (no ring)
MPRegen 0.10/turn

%: no passive effects
@: lethally poisoned (-1 -> -2), heavily drained
A: runic magic, artefact enchanting
a: no special abilities


You were on level 3 of the Dungeon.
You visited 1 branch of the dungeon, and saw 3 of its levels.

You collected 144 gold pieces.

Inventory:

Hand Weapons
 a - a +0 hand axe (weapon)
Armour
 b - a +0 leather armour
 d - a +0 ring mail (worn)
 i - a +0 pair of boots (worn)
Magical Staves
 h - a staff of fire
Scrolls
 e - a scroll of teleportation {unknown}
 g - a scroll of identify {unknown}
 k - a scroll of enchant weapon {unknown}
Potions
 c - a potion of lignification {unknown}
 f - a potion of attraction {unknown}
 j - a potion of haste {unknown}


   Skills:
 + Level 2.8 Fighting
 + Level 4.0 Axes
 + Level 0.4 Armour
 - Level 1.3 Dodging
 - Level 2.0 Spellcasting
 - Level 3.0 Conjurations
 * Level 1.7 Necromancy


You had 5 spell levels left.
You knew the following spells:

 Your Spells              Type           Power      Damage    Failure   Level
a - Kiss of Death         Conj/Necr      28%        2d7       11%         1

Your spell library contained the following spells:

 Spells                   Type           Power      Damage    Failure   Level
 Necrotise                Necr           20%        1d5       14%         1
 Momentum Strike          Conj/Tloc      10%        3d8       24%         2
 Vampiric Draining        Necr           5%         2d6       38%         3
 Dazzling Flash           Conj/Hex       10%        N/A       43%         3
 Hailstorm                Conj/Ice       5%         3d5       43%         3
 Confusing Touch          Hex            1%         N/A       65%         3
 Volatile Blastmotes      Fire/Tloc      2%         2d10      65%         3
 Dispel Undead            Necr           5%         3d7       80%         4
 Martyr's Knell           Necr/Summ      3%         N/A       90%         4
 Curse of Agony           Necr           5%         N/A       98%         5
 Starburst                Conj/Fire      2%         6d3       100%        6
 Maxwell's Capacitive Co  Air            0%         ∞         100%        8


Dungeon Overview and Level Annotations

Branches:
Dungeon (3/15)

Altars:
Makhleb


Innate Abilities, Weirdness & Mutations

Your spellcasting is much less encumbered by armour.
You can use scrolls of enchantment on lesser artefacts.


Message History

You barely miss the scorpion.
You feel very sick. The scorpion barely misses you.
Casting: Kiss of Death (safe; 11% risk of failure)
Confirm with . or Enter, or press ? or * to list all spells.
Aiming: Kiss of Death (safe; 11% risk of failure)
Press: ? - help, Shift-Dir - straight line, f - scorpion
Aim: a scorpion (100% to hit)
The fragment of death hits the scorpion.
The scorpion is drained!
The scorpion is moderately wounded.
You feel drained.
You feel sick. The scorpion barely misses you. The scorpion stings you.
Unknown command.
You barely miss the scorpion.
The scorpion is moderately wounded.
You feel very sick. The scorpion stings you.
You hit the scorpion.
The scorpion is heavily wounded.
You feel sick. The scorpion barely misses you.
Okay, then.
Okay, then.
You aren't carrying any items that you can evoke.
You hit the scorpion.
The scorpion is severely wounded.
You feel sick. The scorpion misses you. The scorpion barely misses you.
You barely miss the scorpion.
The scorpion is severely wounded.
You feel sick. The scorpion closely misses you.
You hit the scorpion but do no damage.
The scorpion is severely wounded.
You feel sick. The scorpion stings you.
* * * LOW HITPOINT WARNING * * *
You closely miss the scorpion.
The scorpion is heavily wounded.
You feel sick.
The scorpion stings you but does no damage.
The scorpion stings you.
You die...

#.#..
#.#.#
##.#
#..#
#.##
#.#
#.#
#.#
#@#
#s#
#.#
#.#
...
...
..#
#..#


You could see a scorpion (drained).

Vanquished Creatures
  A dart slug (D:1)
  8 bats
  6 endoplasms
  3 giant cockroaches
  5 goblins
  A hobgoblin (D:1)
  A quokka (D:1)
  6 ball pythons
  3 frilled lizards
  5 kobolds
  6 rats (D:1)
45 creatures vanquished.

Notes
Turn   | Place    | Note
-------+----------+-------------------------------------------
     0 | D:1      | Aldia the Mountain Dwarf Reaver began the quest for the
                  | Orb.
     0 | D:1      | Reached XP level 1. HP: 17/17 MP: 3/3
    24 | D:1      | Reached skill level 4 in Axes
    43 | D:1      | Reached XP level 2. HP: 12/24 MP: 5/5
   234 | D:1      | Reached skill level 1 in Necromancy
   395 | D:1      | Reached XP level 3. HP: 14/30 MP: 6/6
  1277 | D:3      | Found a burning altar of Makhleb.
  1346 | D:3      | Noticed a scorpion
  1360 | D:3      | Slain by a scorpion

Illustrated notes

Levels and vault maps discovered:
D:1:      eino_arrival_water_star, layout_rooms
D:2:      layout_loops_ring
D:3:      layout_loops_ring, mainiacjoe_overflow_tiny_flanked, elyvilon_altar_1,
          grunt_ministairs_3, nicolae_concentric_dashed_squares_wild

Skill      XL: |  1  2 |
---------------+-------+-----
Axes           | 4 |  4.0
Spellcasting   | 2 |  2.0
Conjurations   | 3 |  3.0
Necromancy     | 1 |  1.7
Fighting       | |  2.8
Armour         | |  0.4
Dodging        | |  1.3

Action                     || total
---------------------------++-------
  Melee: Hand axe          ||   138
   Cast: Kiss of Death     ||     1
 Armour: Leather armour    ||    70
         Ring mail         ||    36
  Dodge: Dodged            ||   108

Table legend: (Time is in decaauts)
 A = Elapsed time spent in this place.
 B = Non-inter-level travel time spent in this place.
 C = Inter-level travel time spent in this place.
 D = Time resting spent in this place.
 E = Time spent auto-exploring this place.
 F = Levels seen in this place.
 G = Mean time per level.
                   A        B        C        D        E       F      G
               +--------+--------+--------+--------+--------+-----+--------+
         Total |   1373 |   1304 |     69 |      0 |    966 |   3 |  457.7 |
       Dungeon |   1373 |   1304 |     69 |      0 |    966 |   3 |  457.7 |
               +--------+--------+--------+--------+--------+-----+--------+

Top non-repeatable levels by time:
     D:1: 693 daAuts
     D:2: 590 daAuts
     D:3: 90 daAuts
